Tamiflu vs Saguenéens
(R1)
Created - 17 janvier 2017 at 19:44
Goals
|
| Tamiflu |
2 |
1 |
0 |
3 |
| Saguenéens |
1 |
4 |
1 |
6 |
|
Shots
|
| Tamiflu |
8 |
6 |
11 |
25 |
| Saguenéens |
8 |
17 |
12 |
37 |
|
1st period
1. Tamiflu , Tye McGinn 6 (Jamie Arniel) at 9:31 (PP)
2. Saguenéens , Brian Sutherby 2 (Tyler Kennedy, Roman Josi) at 13:38
3. Tamiflu , Jamie Arniel 17 (Petr Pohl, Tye McGinn) at 16:02
Penalties :
Oscar Klefbom (Chi) for Roughing (Minor) at 3:08, Juraj Mikus (Chi) for Hooking (Minor) at 9:29, Teemu Pulkkinen (Chi) for Hooking (Minor) at 10:35, Petr Pohl (Det) for Cross-checking (Minor) at 16:17
2nd period
4. Saguenéens , Tyler Kennedy 31 (Brian Sutherby) at 5:43
5. Saguenéens , Tyler Kennedy 32 (Brian Sutherby, Craig Cunningham) at 7:31 (PP)
6. Tamiflu , Mike Duco 9 (Jordan Hendry, Tye McGinn) at 16:13
7. Saguenéens , Tyler Kennedy 33 (Mason Raymond, Erik Haula) at 17:08
8. Saguenéens , Tyler Kennedy 34 (Erik Haula, Mason Raymond) at 19:03
Penalties :
Nino Niederreiter (Det) for Slashing (Minor) at 1:39, Craig Cunningham (Chi) for Hooking (Minor) at 4:02, Stefan Elliott (Det) for High sticking (Double Minor) at 5:24, Mattias Tedenby (Det) for Hooking (Minor) at 9:42, Casey Wellman (Det) for Tripping (Minor) at 11:26
3rd period
9. Saguenéens , Rhett Rakhshani 7 (Roman Josi, Dalton Prout) at 4:04
Penalties :
Craig Cunningham (Chi) for Holding (Minor) at 5:00, Nathan Oystrick (Det) for Hooking (Minor) at 7:10, Roman Josi (Chi) for Hooking (Minor) at 7:38, Tye McGinn (Det) for Interference (Minor) at 12:53
Goalie Stats
Thomas Greiss (Det), 31 saves from 37 shots - (0,838), L, 16-11-5, 60:00 minutes
Mike Smith (Chi), 22 saves from 25 shots - (0,880), W, 19-11-2, 60:00 minutes
Players Stats for Tamiflu
Player Name G A P +/- PIM S H SB GA TA FO MP PP MP PK MP
------------------------------------------------------------------------------------
Adam Larsson 0 0 0 0 0 0 0 1 0 1 0/0 16:48 0:36 5:02
Casey Wellman 0 0 0 0 2 1 0 0 1 0 1/1 10:02 0:00 5:07
Colin Greening 0 0 0 0 0 0 0 1 0 0 2/3 10:11 0:00 1:23
Greg Mauldin 0 0 0 -1 0 1 4 0 2 0 15/29 20:23 4:48 2:53
Jamie Arniel 1 1 2 -1 0 2 4 1 0 2 12/23 19:18 3:00 3:12
Jordan Hendry 0 1 1 -2 0 1 1 0 0 0 0/0 24:57 5:50 6:18
Kyle Lawson 0 0 0 0 0 0 2 1 0 1 0/0 10:32 0:00 0:00
Lucas Lessio 0 0 0 0 0 0 2 0 0 0 0/0 7:10 0:00 2:37
Mattias Tedenby 0 0 0 0 2 1 0 0 0 0 0/1 9:00 0:11 0:05
Mike Duco 1 0 1 0 0 2 0 0 1 0 0/0 8:50 0:05 0:00
Nathan Oystrick 0 0 0 -1 2 2 2 1 2 3 0/0 19:02 2:27 4:57
Nino Niederreiter 0 0 0 -2 2 2 1 0 0 1 1/1 18:53 2:54 2:07
Petr Pohl 0 1 1 -1 2 3 2 0 0 0 6/8 23:21 4:48 5:12
Philip Samuelsson 0 0 0 -2 0 2 2 1 0 1 0/0 30:25 5:50 6:13
Rich Clune 0 0 0 0 0 0 0 0 0 0 0/0 4:32 0:00 0:00
Robert Dome 0 0 0 -2 0 3 2 0 1 1 0/5 17:27 4:20 0:05
Stefan Elliott 0 0 0 -1 4 1 3 3 0 1 0/0 18:54 1:23 0:46
Tye McGinn 1 2 3 -1 2 4 0 0 1 0 0/1 16:07 2:52 0:19
Players Stats for Saguenéens
Player Name G A P +/- PIM S H SB GA TA FO MP PP MP PK MP
------------------------------------------------------------------------------------
Brett Lebda 0 0 0 1 0 1 0 3 0 1 0/0 30:42 7:10 4:43
Brian Sutherby 1 2 3 2 0 5 1 1 5 0 17/29 23:20 6:33 4:16
Craig Cunningham 0 1 1 -1 4 0 0 0 1 0 0/0 10:19 1:30 0:25
Dalton Prout 0 1 1 3 0 2 2 1 0 1 0/0 21:17 4:28 3:06
Erik Haula 0 2 2 1 0 3 1 2 0 0 11/23 16:16 5:05 0:00
Juraj Mikus 0 0 0 -1 2 1 1 0 0 0 2/5 9:39 0:00 0:46
Kevin Marshall 0 0 0 1 0 2 0 3 0 0 0/0 30:42 7:10 4:43
Luke Witkowski 0 0 0 -1 0 0 0 2 1 0 0/0 8:59 0:00 0:28
Mason Raymond 0 2 2 1 0 2 1 1 0 0 2/3 19:27 5:03 2:36
Oscar Klefbom 0 0 0 -1 2 0 0 1 0 0 0/0 8:14 0:00 0:00
Rhett Rakhshani 1 0 1 1 0 1 0 0 0 0 0/1 7:43 0:00 0:00
Rickard Rakell 0 0 0 1 0 1 1 0 0 0 0/5 7:03 0:00 0:11
Roman Josi 0 2 2 3 2 1 0 2 0 2 0/0 20:18 4:27 2:38
Spencer Machacek 0 0 0 0 0 3 4 3 3 0 1/1 18:15 5:05 2:36
Teemu Pulkkinen 0 0 0 2 2 2 0 0 0 0 0/1 8:43 0:00 0:30
Tim Kennedy 0 0 0 0 0 0 3 0 0 2 0/1 15:07 5:05 0:00
Tyler Kennedy 4 1 5 3 0 12 2 0 1 2 1/1 23:50 6:26 4:18
Tyler Pitlick 0 0 0 -1 0 1 0 0 0 0 1/2 10:03 0:07 0:00
3 Stars
1 - Tyler Kennedy (Chi)
2 - Brian Sutherby (Chi)
3 - Jamie Arniel (Det)
Power Play
Tamiflu - 1 on 6 Attempt(s) - 16,67%
Saguenéens - 1 on 8 Attempt(s) - 12,50%
Penalty Kill
Tamiflu - 7 on 8 Attempt(s) - 87,50%
- Score 0 goal in Penalty Kill
Saguenéens - 5 on 6 Attempt(s) - 83,33%
- Score 0 goal in Penalty Kill
Team Stat
Tamiflu - Hits : 25 - Faceoff Wins : 37 - Blocked Shots : 9 - Penalty Minutes : 16
Saguenéens - Hits : 16 - Faceoff Wins : 35 - Blocked Shots : 19 - Penalty Minutes : 12
Official
Referees : Jackson Dave and Banfield David
Linesman : Scott Cherrey and Mark Pare
Game Notes
Tyler Kennedy has scored a Hat Trick!
Finance
Level 1 -- Attendance: 1426 (71,30%) -- Ticket Income 57 040 $
Level 2 -- Attendance: 718 (71,80%) -- Ticket Income 14 360 $
Total Attendance: 2144 (71,47%)
Total Ticket Income: 71 400 $
Other Income: 3 570 $
Total Income: 74 970 $
Tamiflu
5 vs 5 Forward
Center Left Wing Right Wing Time % Phy DF OF
1 Greg Mauldin Robert Dome Nino Niederreiter 35 0 2 3
2 Jamie Arniel Tye McGinn Petr Pohl 35 0 2 3
3 Colin Greening Mattias Tedenby Mike Duco 20 1 2 2
4 Casey Wellman Lucas Lessio Rich Clune 10 1 2 2
5 vs 5 Defense
Defense Defense Time % Phy DF OF
1 Philip Samuelsson Stefan Elliott 40 1 2 2
2 Nathan Oystrick Jordan Hendry 30 1 2 2
3 Kyle Lawson Adam Larsson 20 1 2 2
4 Kyle Lawson Adam Larsson 10 1 3 1
PowerPlay Forward
Center Left Wing Right Wing Time % Phy DF OF
1 Greg Mauldin Robert Dome Petr Pohl 60 0 1 4
2 Jamie Arniel Tye McGinn Nino Niederreiter 40 0 1 4
PowerPlay Defense
Defense Defense Time % Phy DF OF
1 Philip Samuelsson Jordan Hendry 60 0 2 3
2 Nathan Oystrick Stefan Elliott 40 0 2 3
Penalty Kill 4 Players Forward
Center Wing Time % Phy DF OF
1 Petr Pohl Casey Wellman 60 1 3 1
2 Jamie Arniel Nino Niederreiter 40 1 3 1
Penalty Kill 4 Players Defense
Defense Defense Time % Phy DF OF
1 Nathan Oystrick Adam Larsson 50 1 3 1
2 Philip Samuelsson Jordan Hendry 50 1 3 1
Penalty Kill - 3 Players Forward
Forward Time % Phy DF OF
1 Petr Pohl 60 1 4 0
2 Nino Niederreiter 40 1 4 0
Penalty Kill - 3 Players Defense
Defense Defense Time % Phy DF OF
1 Nathan Oystrick Jordan Hendry 60 1 4 0
2 Philip Samuelsson Adam Larsson 40 1 4 0
4 vs 4 Forward
Center Wing Time % Phy DF OF
1 Greg Mauldin Petr Pohl 50 1 2 2
2 Robert Dome Nino Niederreiter 50 1 2 2
4 vs 4 Defense
Defense Defense Time % Phy DF OF
1 Philip Samuelsson Jordan Hendry 60 1 2 2
2 Nathan Oystrick Kyle Lawson 40 1 2 2
Last Minutes Offensive
Center Left Wing Right Wing Defense Defense
Greg Mauldin Nino Niederreiter Petr Pohl Philip Samuelsson Jordan Hendry
Last Minutes Defensive
Center Left Wing Right Wing Defense Defense
Jamie Arniel Petr Pohl Nino Niederreiter Philip Samuelsson Nathan Oystrick
Goaltenders
Starting : Thomas Greiss
Backup : Joe Fallon
Extra Forwards
Normal : Petr Pohl, Nino Niederreiter, Mattias Tedenby - PP : Mattias Tedenby, Mike Duco - PK : Greg Mauldin
Extra Defensemen
Normal : Philip Samuelsson, Jordan Hendry, Adam Larsson - PP : Nathan Oystrick - PK : Stefan Elliott, Jordan Hendry
Penalty Shots
Mattias Tedenby, Jamie Arniel, Robert Dome, Greg Mauldin, Casey Wellman
Saguenéens
5 vs 5 Forward
Center Left Wing Right Wing Time % Phy DF OF
1 Erik Haula Mason Raymond Tyler Kennedy 40 1 2 2
2 Brian Sutherby Tim Kennedy Spencer Machacek 30 1 2 2
3 Juraj Mikus Craig Cunningham Tyler Pitlick 20 1 2 2
4 Rickard Rakell Teemu Pulkkinen Rhett Rakhshani 10 1 2 2
5 vs 5 Defense
Defense Defense Time % Phy DF OF
1 Brett Lebda Kevin Marshall 40 1 2 2
2 Dalton Prout Roman Josi 30 1 2 2
3 Luke Witkowski Oscar Klefbom 20 1 2 2
4 Brett Lebda Kevin Marshall 10 1 2 2
PowerPlay Forward
Center Left Wing Right Wing Time % Phy DF OF
1 Brian Sutherby Mason Raymond Tyler Kennedy 60 1 2 2
2 Erik Haula Tim Kennedy Spencer Machacek 40 1 2 2
PowerPlay Defense
Defense Defense Time % Phy DF OF
1 Brett Lebda Kevin Marshall 60 1 2 2
2 Dalton Prout Roman Josi 40 1 2 2
Penalty Kill 4 Players Forward
Center Wing Time % Phy DF OF
1 Brian Sutherby Tyler Kennedy 60 1 2 2
2 Mason Raymond Spencer Machacek 40 1 2 2
Penalty Kill 4 Players Defense
Defense Defense Time % Phy DF OF
1 Brett Lebda Kevin Marshall 60 1 2 2
2 Dalton Prout Roman Josi 40 1 2 2
Penalty Kill - 3 Players Forward
Forward Time % Phy DF OF
1 Brian Sutherby 60 1 2 2
2 Tyler Kennedy 40 1 2 2
Penalty Kill - 3 Players Defense
Defense Defense Time % Phy DF OF
1 Brett Lebda Kevin Marshall 60 1 2 2
2 Dalton Prout Roman Josi 40 1 2 2
4 vs 4 Forward
Center Wing Time % Phy DF OF
1 Brian Sutherby Tyler Kennedy 60 1 2 2
2 Mason Raymond Spencer Machacek 40 1 2 2
4 vs 4 Defense
Defense Defense Time % Phy DF OF
1 Brett Lebda Kevin Marshall 60 1 2 2
2 Dalton Prout Roman Josi 40 1 2 2
Last Minutes Offensive
Center Left Wing Right Wing Defense Defense
Brian Sutherby Mason Raymond Tyler Kennedy Brett Lebda Kevin Marshall
Last Minutes Defensive
Center Left Wing Right Wing Defense Defense
Brian Sutherby Mason Raymond Tyler Kennedy Brett Lebda Kevin Marshall
Goaltenders
Starting : Mike Smith
Backup : Martin Jones
Extra Forwards
Normal : Tyler Pitlick, Rhett Rakhshani, Juraj Mikus - PP : Tyler Pitlick, Rhett Rakhshani - PK : Juraj Mikus
Extra Defensemen
Normal : Luke Witkowski, Oscar Klefbom, Dalton Prout - PP : Luke Witkowski - PK : Oscar Klefbom, Dalton Prout
Penalty Shots
Brian Sutherby, Tyler Kennedy, Mason Raymond, Spencer Machacek, Erik Haula
% Time on Ice - Tamiflu
Lines # - Real PCT - Wanted PCT - Time Play
Normal Forward
1 - 32% - 35% - 12:22
2 - 34% - 35% - 12:59
3 - 22% - 20% - 8:32
4 - 12% - 10% - 4:32
Normal Defense
1 - 42% - 40% - 16:14
2 - 32% - 30% - 12:14
3 - 20% - 20% - 7:38
4 - 6% - 10% - 2:19
PP Forward
1 - 62% - 60% - 4:49
2 - 38% - 40% - 3:00
PP Defense
1 - 75% - 60% - 5:50
2 - 25% - 40% - 1:59
PK Forward
1 - 73% - 60% - 8:17
2 - 27% - 40% - 3:06
PK Defense
1 - 48% - 50% - 5:27
2 - 52% - 50% - 5:56
PK3 Forward
1 - 100% - 60% - 0:15
2 - 0% - 40% - 0:00
PK3 Defense
1 - 100% - 60% - 0:15
2 - 0% - 40% - 0:00
44 Forward
1 - 42% - 50% - 0:54
2 - 58% - 50% - 1:14
44 Defense
1 - 73% - 60% - 1:33
2 - 27% - 40% - 0:35
Last Minute Offensive - 0:00
Last Minute Defensive - 0:00
Total
Forward - 60:00
Defense - 60:00
|
% Time on Ice - Saguenéens
Lines # - Real PCT - Wanted PCT - Time Play
Normal Forward
1 - 33% - 40% - 12:47
2 - 27% - 30% - 10:13
3 - 22% - 20% - 8:33
4 - 18% - 10% - 6:52
Normal Defense
1 - 42% - 40% - 15:57
2 - 34% - 30% - 13:13
3 - 21% - 20% - 8:01
4 - 3% - 10% - 1:14
PP Forward
1 - 56% - 60% - 6:33
2 - 44% - 40% - 5:05
PP Defense
1 - 62% - 60% - 7:10
2 - 38% - 40% - 4:28
PK Forward
1 - 67% - 60% - 5:13
2 - 33% - 40% - 2:36
PK Defense
1 - 60% - 60% - 4:43
2 - 40% - 40% - 3:06
PK3 Forward
1 - 0% - 60%
2 - 0% - 40%
PK3 Defense
1 - 0% - 60%
2 - 0% - 40%
44 Forward
1 - 84% - 60% - 1:47
2 - 16% - 40% - 0:21
44 Defense
1 - 77% - 60% - 1:38
2 - 23% - 40% - 0:30
Last Minute Offensive - 0:00
Last Minute Defensive - 0:00
Total
Forward - 60:00
Defense - 60:00
|
Play by Play
1st period
0:01 of 1st period - Greg Mauldin wins face-off versus Erik Haula in neutral zone.
0:52 of 1st period - Wrist shot by Tyler Pitlick.
0:52 of 1st period - Stopped by Thomas Greiss with a rebound.
0:59 of 1st period - Icing by Tye McGinn.
1:00 of 1st period - Colin Greening wins face-off versus Rickard Rakell in Tamiflu zone.
1:42 of 1st period - Slapshot by Mike Duco.
1:42 of 1st period - Shot Blocked by Kevin Marshall.
2:11 of 1st period - Snap shot by Mike Duco.
2:11 of 1st period - Shot Misses the Net.
2:13 of 1st period - Slapshot by Philip Samuelsson.
2:13 of 1st period - Stopped by Mike Smith without a rebound.
2:14 of 1st period - Greg Mauldin wins face-off versus Erik Haula in Saguenéens zone.
2:42 of 1st period - Roman Josi is hit by Nathan Oystrick and loses puck.
2:49 of 1st period - Slapshot by Brian Sutherby.
2:49 of 1st period - Shot Blocked by Nathan Oystrick.
2:51 of 1st period - Slapshot by Dalton Prout.
2:51 of 1st period - Shot Misses the Net.
3:08 of 1st period - Minor Penalty to Oscar Klefbom for Roughing.
3:09 of 1st period - Greg Mauldin wins face-off versus Brian Sutherby in Saguenéens zone.
3:13 of 1st period - Snap shot by Robert Dome.
3:13 of 1st period - Shot Misses the Net.
3:39 of 1st period - Dalton Prout is hit by Jamie Arniel and loses puck.
3:54 of 1st period - Roman Josi is hit by Greg Mauldin and loses puck.
4:45 of 1st period - Kevin Marshall is hit by Robert Dome and loses puck.
5:08 of 1st period - Penalty to Oscar Klefbom is over, Oscar Klefbom is back on ice.
5:27 of 1st period - Nathan Oystrick is hit by Tyler Kennedy and loses puck.
6:55 of 1st period - Slapshot by Mason Raymond.
6:55 of 1st period - Shot Blocked by Philip Samuelsson.
6:57 of 1st period - Slapshot by Roman Josi.
6:57 of 1st period - Shot Misses the Net.
6:59 of 1st period - Snap shot by Erik Haula.
6:59 of 1st period - Stopped by Thomas Greiss without a rebound.
7:00 of 1st period - Greg Mauldin wins face-off versus Brian Sutherby in Tamiflu zone.
7:05 of 1st period - Backhand shot by Greg Mauldin.
7:05 of 1st period - Shot Misses the Net.
7:07 of 1st period - Slapshot by Nino Niederreiter.
7:07 of 1st period - Deflect By Robert Dome.
7:07 of 1st period - Shot Blocked by Spencer Machacek.
7:07 of 1st period - Puck is out of play.
7:08 of 1st period - Brian Sutherby wins face-off versus Greg Mauldin in Saguenéens zone.
7:21 of 1st period - Stefan Elliott is hit by Tim Kennedy and loses puck.
8:16 of 1st period - Greg Mauldin is hit by Tim Kennedy and loses puck.
8:44 of 1st period - Slapshot by Robert Dome.
8:44 of 1st period - Stopped by Mike Smith with a rebound.
8:46 of 1st period - Snap shot by Robert Dome.
8:46 of 1st period - Deflect By Greg Mauldin.
8:46 of 1st period - Shot Blocked by Dalton Prout.
8:46 of 1st period - Puck is out of play.
8:47 of 1st period - Tyler Kennedy wins face-off versus Jamie Arniel in Saguenéens zone.
9:23 of 1st period - Wrist shot by Casey Wellman.
9:23 of 1st period - Shot Blocked by Brett Lebda.
9:29 of 1st period - Minor Penalty to Juraj Mikus for Hooking.
9:30 of 1st period - Jamie Arniel wins face-off versus Rickard Rakell in Saguenéens zone.
9:31 of 1st period - Snap shot by Tye McGinn.
9:31 of 1st period - Goal by Tye McGinn - Tamiflu : 1 - Saguenéens : 0.
9:32 of 1st period - Jamie Arniel wins face-off versus Erik Haula in neutral zone.
10:16 of 1st period - Snap shot by Mike Duco.
10:16 of 1st period - Shot Blocked by Luke Witkowski.
10:35 of 1st period - Minor Penalty to Teemu Pulkkinen for Hooking.
10:36 of 1st period - Brian Sutherby wins face-off versus Greg Mauldin in Saguenéens zone.
10:45 of 1st period - Snap shot by Petr Pohl.
10:45 of 1st period - Stopped by Mike Smith without a rebound.
10:46 of 1st period - Brian Sutherby wins face-off versus Greg Mauldin in Saguenéens zone.
11:11 of 1st period - Slapshot by Petr Pohl.
11:11 of 1st period - Stopped by Mike Smith without a rebound.
11:12 of 1st period - Jamie Arniel wins face-off versus Mason Raymond in Saguenéens zone.
11:25 of 1st period - Wrist shot by Tyler Kennedy.
11:25 of 1st period - Stopped by Thomas Greiss without a rebound.
11:26 of 1st period - Brian Sutherby wins face-off versus Greg Mauldin in Tamiflu zone.
11:29 of 1st period - Snap shot by Brian Sutherby.
11:29 of 1st period - Shot Misses the Net.
11:40 of 1st period - Off-side.
11:41 of 1st period - Brian Sutherby wins face-off versus Greg Mauldin in neutral zone.
11:52 of 1st period - Kevin Marshall is hit by Greg Mauldin.
11:56 of 1st period - Snap shot by Brian Sutherby.
11:56 of 1st period - Shot Misses the Net.
12:32 of 1st period - Icing by Jordan Hendry.
12:33 of 1st period - Jamie Arniel wins face-off versus Brian Sutherby in Tamiflu zone.
12:35 of 1st period - Penalty to Teemu Pulkkinen is over, Teemu Pulkkinen is back on ice.
13:14 of 1st period - Snap shot by Brian Sutherby.
13:14 of 1st period - Stopped by Thomas Greiss with a rebound.
13:16 of 1st period - Slapshot by Roman Josi.
13:16 of 1st period - Stopped by Thomas Greiss with a rebound.
13:32 of 1st period - Snap shot by Tyler Kennedy.
13:32 of 1st period - Shot Blocked by Colin Greening.
13:34 of 1st period - Slapshot by Roman Josi.
13:34 of 1st period - Shot Misses the Net.
13:36 of 1st period - Slapshot by Tyler Kennedy.
13:36 of 1st period - Stopped by Thomas Greiss with a rebound.
13:38 of 1st period - Wrist shot by Brian Sutherby.
13:38 of 1st period - Goal by Brian Sutherby - Tamiflu : 1 - Saguenéens : 1.
13:39 of 1st period - Jamie Arniel wins face-off versus Tyler Pitlick in neutral zone.
13:42 of 1st period - Kevin Marshall is hit by Jamie Arniel and loses puck.
14:26 of 1st period - Philip Samuelsson is hit by Tyler Kennedy and loses puck.
15:09 of 1st period - Philip Samuelsson is hit by Tim Kennedy and loses puck.
15:34 of 1st period - Snap shot by Robert Dome.
15:34 of 1st period - Stopped by Mike Smith without a rebound.
15:35 of 1st period - Greg Mauldin wins face-off versus Erik Haula in Saguenéens zone.
15:36 of 1st period - Slapshot by Robert Dome.
15:36 of 1st period - Shot Blocked by Mason Raymond.
15:38 of 1st period - Snap shot by Nino Niederreiter.
15:38 of 1st period - Shot Misses the Net.
15:40 of 1st period - Wrist shot by Nino Niederreiter.
15:40 of 1st period - Shot Blocked by Brett Lebda.
15:42 of 1st period - Snap shot by Nathan Oystrick.
15:42 of 1st period - Shot Misses the Net.
15:44 of 1st period - Snap shot by Greg Mauldin.
15:44 of 1st period - Stopped by Mike Smith with a rebound.
16:02 of 1st period - Slapshot by Jamie Arniel.
16:02 of 1st period - Goal by Jamie Arniel - Tamiflu : 2 - Saguenéens : 1.
16:03 of 1st period - Jamie Arniel wins face-off versus Tim Kennedy in neutral zone.
16:17 of 1st period - Minor Penalty to Petr Pohl for Cross-checking.
16:18 of 1st period - Greg Mauldin wins face-off versus Brian Sutherby in Tamiflu zone.
16:49 of 1st period - Slapshot by Brett Lebda.
16:49 of 1st period - Shot Blocked by Adam Larsson.
16:51 of 1st period - Snap shot by Spencer Machacek.
16:51 of 1st period - Stopped by Thomas Greiss with a rebound.
18:17 of 1st period - Penalty to Petr Pohl is over, Petr Pohl is back on ice.
18:29 of 1st period - Tyler Pitlick is hit by Greg Mauldin and loses puck.
18:40 of 1st period - Luke Witkowski is hit by Petr Pohl and loses puck.
19:19 of 1st period - Tyler Kennedy is hit by Lucas Lessio and loses puck.
19:59 of 1st period - Philip Samuelsson is hit by Spencer Machacek and loses puck.
Goals for this period are 2 for Tamiflu vs 1 for Saguenéens.
Shots for this period are 8 for Tamiflu vs 8 for Saguenéens.
2nd period
0:01 of 2nd period - Petr Pohl wins face-off versus Erik Haula in neutral zone.
0:04 of 2nd period - Brett Lebda is hit by Jamie Arniel and loses puck.
0:08 of 2nd period - Icing by Brett Lebda.
0:09 of 2nd period - Erik Haula wins face-off versus Jamie Arniel in Saguenéens zone.
0:52 of 2nd period - Snap shot by Tyler Kennedy.
0:52 of 2nd period - Stopped by Thomas Greiss with a rebound.
0:54 of 2nd period - Slapshot by Brett Lebda.
0:54 of 2nd period - Stopped by Thomas Greiss without a rebound.
0:55 of 2nd period - Greg Mauldin wins face-off versus Brian Sutherby in Tamiflu zone.
1:05 of 2nd period - Nathan Oystrick is hit by Spencer Machacek and loses puck.
1:10 of 2nd period - Snap shot by Spencer Machacek.
1:10 of 2nd period - Stopped by Thomas Greiss with a rebound.
1:27 of 2nd period - Snap shot by Teemu Pulkkinen.
1:27 of 2nd period - Deflect By Greg Mauldin.
1:27 of 2nd period - Stopped by Thomas Greiss with a rebound.
1:39 of 2nd period - Minor Penalty to Nino Niederreiter for Slashing.
1:40 of 2nd period - Petr Pohl wins face-off versus Brian Sutherby in Tamiflu zone.
2:11 of 2nd period - Snap shot by Jamie Arniel.
2:11 of 2nd period - Shot Blocked by Spencer Machacek.
2:25 of 2nd period - Wrist shot by Petr Pohl.
2:25 of 2nd period - Shot Blocked by Brian Sutherby.
3:39 of 2nd period - Penalty to Nino Niederreiter is over, Nino Niederreiter is back on ice.
3:41 of 2nd period - Brian Sutherby is hit by Jordan Hendry and loses puck.
3:53 of 2nd period - Slapshot by Jordan Hendry.
3:53 of 2nd period - Stopped by Mike Smith without a rebound.
3:54 of 2nd period - Greg Mauldin wins face-off versus Juraj Mikus in Saguenéens zone.
4:02 of 2nd period - Minor Penalty to Craig Cunningham for Hooking.
4:03 of 2nd period - Brian Sutherby wins face-off versus Greg Mauldin in Saguenéens zone.
4:14 of 2nd period - Off-side.
4:15 of 2nd period - Greg Mauldin wins face-off versus Brian Sutherby in neutral zone.
4:35 of 2nd period - Off-side.
4:36 of 2nd period - Mason Raymond wins face-off versus Jamie Arniel in neutral zone.
4:44 of 2nd period - Off-side.
4:45 of 2nd period - Greg Mauldin wins face-off versus Brian Sutherby in neutral zone.
5:15 of 2nd period - Off-side.
5:16 of 2nd period - Mason Raymond wins face-off versus Greg Mauldin in neutral zone.
5:24 of 2nd period - Double Minor Penalty to Stefan Elliott for High sticking.
5:25 of 2nd period - Brian Sutherby wins face-off versus Greg Mauldin in Tamiflu zone.
5:37 of 2nd period - Snap shot by Tyler Kennedy.
5:37 of 2nd period - Stopped by Thomas Greiss without a rebound.
5:38 of 2nd period - Brian Sutherby wins face-off versus Robert Dome in Tamiflu zone.
5:43 of 2nd period - Snap shot by Tyler Kennedy.
5:43 of 2nd period - Goal by Tyler Kennedy - Tamiflu : 2 - Saguenéens : 2.
5:44 of 2nd period - Brian Sutherby wins face-off versus Robert Dome in neutral zone.
6:02 of 2nd period - Penalty to Craig Cunningham is over, Craig Cunningham is back on ice.
6:15 of 2nd period - Wrist shot by Brian Sutherby.
6:15 of 2nd period - Stopped by Thomas Greiss with a rebound.
7:09 of 2nd period - Snap shot by Tyler Kennedy.
7:09 of 2nd period - Shot Misses the Net.
7:31 of 2nd period - Snap shot by Tyler Kennedy.
7:31 of 2nd period - Goal by Tyler Kennedy - Tamiflu : 2 - Saguenéens : 3.
7:32 of 2nd period - Greg Mauldin wins face-off versus Rickard Rakell in neutral zone.
7:48 of 2nd period - Wrist shot by Teemu Pulkkinen.
7:48 of 2nd period - Shot Blocked by Kyle Lawson.
7:58 of 2nd period - Roman Josi is hit by Kyle Lawson and loses puck.
9:01 of 2nd period - Wrist shot by Robert Dome.
9:01 of 2nd period - Shot Blocked by Spencer Machacek.
9:17 of 2nd period - Colin Greening is hit by Dalton Prout and loses puck.
9:42 of 2nd period - Minor Penalty to Mattias Tedenby for Hooking.
9:43 of 2nd period - Petr Pohl wins face-off versus Erik Haula in Tamiflu zone.
9:52 of 2nd period - Petr Pohl is hit by Spencer Machacek and loses puck.
10:13 of 2nd period - Wrist shot by Nino Niederreiter.
10:13 of 2nd period - Stopped by Mike Smith without a rebound.
10:14 of 2nd period - Jamie Arniel wins face-off versus Brian Sutherby in Saguenéens zone.
10:39 of 2nd period - Snap shot by Tyler Kennedy.
10:39 of 2nd period - Stopped by Thomas Greiss without a rebound.
10:40 of 2nd period - Petr Pohl wins face-off versus Erik Haula in Tamiflu zone.
11:05 of 2nd period - Mason Raymond is hit by Philip Samuelsson and loses puck.
11:26 of 2nd period - Minor Penalty to Casey Wellman for Tripping.
11:27 of 2nd period - Petr Pohl wins face-off versus Brian Sutherby in Tamiflu zone.
11:42 of 2nd period - Penalty to Mattias Tedenby is over, Mattias Tedenby is back on ice.
12:58 of 2nd period - Kevin Marshall is hit by Nino Niederreiter and loses puck.
13:21 of 2nd period - Lucas Lessio is hit by Erik Haula and loses puck.
13:26 of 2nd period - Penalty to Casey Wellman is over, Casey Wellman is back on ice.
13:45 of 2nd period - Craig Cunningham is hit by Stefan Elliott and loses puck.
14:28 of 2nd period - Tyler Pitlick is hit by Lucas Lessio and loses puck.
15:26 of 2nd period - Icing by Kevin Marshall.
15:27 of 2nd period - Greg Mauldin wins face-off versus Juraj Mikus in Saguenéens zone.
15:52 of 2nd period - Luke Witkowski is hit by Jamie Arniel and loses puck.
16:01 of 2nd period - Snap shot by Brian Sutherby.
16:01 of 2nd period - Deflect By Jordan Hendry.
16:01 of 2nd period - Stopped by Thomas Greiss with a rebound.
16:13 of 2nd period - Snap shot by Mike Duco.
16:13 of 2nd period - Goal by Mike Duco - Tamiflu : 3 - Saguenéens : 3.
16:14 of 2nd period - Jamie Arniel wins face-off versus Erik Haula in neutral zone.
16:18 of 2nd period - Off-side.
16:19 of 2nd period - Erik Haula wins face-off versus Jamie Arniel in neutral zone.
16:22 of 2nd period - Wrist shot by Mason Raymond.
16:22 of 2nd period - Stopped by Thomas Greiss with a rebound.
16:24 of 2nd period - Slapshot by Kevin Marshall.
16:24 of 2nd period - Deflect By Petr Pohl.
16:24 of 2nd period - Stopped by Thomas Greiss with a rebound.
16:26 of 2nd period - Snap shot by Erik Haula.
16:26 of 2nd period - Shot Blocked by Stefan Elliott.
16:28 of 2nd period - Slapshot by Brett Lebda.
16:28 of 2nd period - Shot Misses the Net.
16:30 of 2nd period - Slapshot by Kevin Marshall.
16:30 of 2nd period - Shot Misses the Net.
16:32 of 2nd period - Slapshot by Kevin Marshall.
16:32 of 2nd period - Deflect By Erik Haula.
16:32 of 2nd period - Deflect By Jamie Arniel.
16:32 of 2nd period - Stopped by Thomas Greiss with a rebound.
16:34 of 2nd period - Slapshot by Erik Haula.
16:34 of 2nd period - Shot Blocked by Stefan Elliott.
16:48 of 2nd period - Wrist shot by Tye McGinn.
16:48 of 2nd period - Shot Misses the Net.
16:50 of 2nd period - Wrist shot by Jamie Arniel.
16:50 of 2nd period - Shot Misses the Net.
16:52 of 2nd period - Slapshot by Philip Samuelsson.
16:52 of 2nd period - Shot Blocked by Brett Lebda.
16:54 of 2nd period - Slapshot by Stefan Elliott.
16:54 of 2nd period - Shot Misses the Net.
16:56 of 2nd period - Slapshot by Stefan Elliott.
16:56 of 2nd period - Stopped by Mike Smith without a rebound.
16:57 of 2nd period - Greg Mauldin wins face-off versus Erik Haula in Saguenéens zone.
16:58 of 2nd period - Wrist shot by Robert Dome.
16:58 of 2nd period - Stopped by Mike Smith with a rebound.
17:06 of 2nd period - Wrist shot by Mason Raymond.
17:06 of 2nd period - Shot Misses the Net.
17:08 of 2nd period - Wrist shot by Tyler Kennedy.
17:08 of 2nd period - Goal by Tyler Kennedy - Tamiflu : 3 - Saguenéens : 4.
17:09 of 2nd period - Jamie Arniel wins face-off versus Erik Haula in neutral zone.
17:12 of 2nd period - Snap shot by Tye McGinn.
17:12 of 2nd period - Shot Misses the Net.
17:36 of 2nd period - Stefan Elliott is hit by Brian Sutherby and loses puck.
18:40 of 2nd period - Slapshot by Philip Samuelsson.
18:40 of 2nd period - Shot Blocked by Erik Haula.
18:42 of 2nd period - Slapshot by Philip Samuelsson.
18:42 of 2nd period - Shot Misses the Net.
18:46 of 2nd period - Wrist shot by Petr Pohl.
18:46 of 2nd period - Stopped by Mike Smith without a rebound.
18:47 of 2nd period - Erik Haula wins face-off versus Jamie Arniel in Saguenéens zone.
18:52 of 2nd period - Nathan Oystrick is hit by Mason Raymond and loses puck.
18:59 of 2nd period - Slapshot by Mason Raymond.
18:59 of 2nd period - Stopped by Thomas Greiss with a rebound.
19:01 of 2nd period - Wrist shot by Erik Haula.
19:01 of 2nd period - Stopped by Thomas Greiss with a rebound.
19:03 of 2nd period - Slapshot by Tyler Kennedy.
19:03 of 2nd period - Goal by Tyler Kennedy - Tamiflu : 3 - Saguenéens : 5.
19:04 of 2nd period - Erik Haula wins face-off versus Jamie Arniel in neutral zone.
19:18 of 2nd period - Snap shot by Tyler Kennedy.
19:18 of 2nd period - Shot Misses the Net.
Goals for this period are 1 for Tamiflu vs 4 for Saguenéens.
Shots for this period are 6 for Tamiflu vs 17 for Saguenéens.
3rd period
0:01 of 3rd period - Erik Haula wins face-off versus Tye McGinn in neutral zone.
0:49 of 3rd period - Wrist shot by Mike Duco.
0:49 of 3rd period - Stopped by Mike Smith with a rebound.
0:51 of 3rd period - Slapshot by Nathan Oystrick.
0:51 of 3rd period - Shot Blocked by Kevin Marshall.
0:53 of 3rd period - Slapshot by Mattias Tedenby.
0:53 of 3rd period - Stopped by Mike Smith with a rebound.
0:55 of 3rd period - Wrist shot by Mike Duco.
0:55 of 3rd period - Shot Misses the Net.
1:05 of 3rd period - Snap shot by Rich Clune.
1:05 of 3rd period - Deflect By Casey Wellman.
1:05 of 3rd period - Shot Misses the Net.
1:05 of 3rd period - Puck is out of play.
1:06 of 3rd period - Casey Wellman wins face-off versus Rickard Rakell in Saguenéens zone.
1:09 of 3rd period - Snap shot by Casey Wellman.
1:09 of 3rd period - Stopped by Mike Smith without a rebound.
1:10 of 3rd period - Jamie Arniel wins face-off versus Rickard Rakell in Saguenéens zone.
1:13 of 3rd period - Snap shot by Jamie Arniel.
1:13 of 3rd period - Shot Misses the Net.
1:15 of 3rd period - Snap shot by Tye McGinn.
1:15 of 3rd period - Stopped by Mike Smith with a rebound.
1:26 of 3rd period - Wrist shot by Dalton Prout.
1:26 of 3rd period - Shot Misses the Net.
1:28 of 3rd period - Slapshot by Dalton Prout.
1:28 of 3rd period - Stopped by Thomas Greiss without a rebound.
1:29 of 3rd period - Erik Haula wins face-off versus Greg Mauldin in Tamiflu zone.
1:38 of 3rd period - Slapshot by Tyler Kennedy.
1:38 of 3rd period - Shot Blocked by Stefan Elliott.
1:51 of 3rd period - Icing by Philip Samuelsson.
1:52 of 3rd period - Brian Sutherby wins face-off versus Greg Mauldin in Tamiflu zone.
1:52 of 3rd period - Brian Sutherby is hit by Robert Dome.
2:22 of 3rd period - Icing by Stefan Elliott.
2:23 of 3rd period - Erik Haula wins face-off versus Jamie Arniel in Tamiflu zone.
2:30 of 3rd period - Slapshot by Erik Haula.
2:30 of 3rd period - Shot Misses the Net.
2:38 of 3rd period - Snap shot by Jamie Arniel.
2:38 of 3rd period - Stopped by Mike Smith without a rebound.
2:39 of 3rd period - Brian Sutherby wins face-off versus Greg Mauldin in Saguenéens zone.
2:48 of 3rd period - Wrist shot by Brian Sutherby.
2:48 of 3rd period - Stopped by Thomas Greiss without a rebound.
2:49 of 3rd period - Nino Niederreiter wins face-off versus Brian Sutherby in Tamiflu zone.
3:18 of 3rd period - Wrist shot by Brian Sutherby.
3:18 of 3rd period - Shot Misses the Net.
3:25 of 3rd period - Off-side.
3:26 of 3rd period - Erik Haula wins face-off versus Jamie Arniel in neutral zone.
3:51 of 3rd period - Philip Samuelsson is hit by Dalton Prout and loses puck.
3:56 of 3rd period - Wrist shot by Teemu Pulkkinen.
3:56 of 3rd period - Shot Blocked by Jamie Arniel.
3:58 of 3rd period - Wrist shot by Rickard Rakell.
3:58 of 3rd period - Stopped by Thomas Greiss with a rebound.
4:00 of 3rd period - Wrist shot by Dalton Prout.
4:00 of 3rd period - Stopped by Thomas Greiss with a rebound.
4:02 of 3rd period - Snap shot by Roman Josi.
4:02 of 3rd period - Shot Misses the Net.
4:04 of 3rd period - Wrist shot by Rhett Rakhshani.
4:04 of 3rd period - Goal by Rhett Rakhshani - Tamiflu : 3 - Saguenéens : 6.
4:05 of 3rd period - Greg Mauldin wins face-off versus Erik Haula in neutral zone.
5:00 of 3rd period - Minor Penalty to Craig Cunningham for Holding.
5:01 of 3rd period - Brian Sutherby wins face-off versus Greg Mauldin in Saguenéens zone.
7:00 of 3rd period - Penalty to Craig Cunningham is over, Craig Cunningham is back on ice.
7:10 of 3rd period - Minor Penalty to Nathan Oystrick for Hooking.
7:11 of 3rd period - Spencer Machacek wins face-off versus Petr Pohl in Tamiflu zone.
7:38 of 3rd period - Minor Penalty to Roman Josi for Hooking.
7:39 of 3rd period - Brian Sutherby wins face-off versus Robert Dome in Saguenéens zone.
8:04 of 3rd period - Brian Sutherby is hit by Philip Samuelsson and loses puck.
8:30 of 3rd period - Icing by Adam Larsson.
8:31 of 3rd period - Tyler Pitlick wins face-off versus Robert Dome in Tamiflu zone.
8:48 of 3rd period - Wrist shot by Greg Mauldin.
8:48 of 3rd period - Shot Blocked by Kevin Marshall.
8:57 of 3rd period - Icing by Brett Lebda.
8:58 of 3rd period - Brian Sutherby wins face-off versus Robert Dome in Saguenéens zone.
9:10 of 3rd period - Penalty to Nathan Oystrick is over, Nathan Oystrick is back on ice.
9:35 of 3rd period - Wrist shot by Nathan Oystrick.
9:35 of 3rd period - Stopped by Mike Smith with a rebound.
9:37 of 3rd period - Wrist shot by Philip Samuelsson.
9:37 of 3rd period - Stopped by Mike Smith without a rebound.
9:38 of 3rd period - Penalty to Roman Josi is over, Roman Josi is back on ice.
9:38 of 3rd period - Juraj Mikus wins face-off versus Mattias Tedenby in Saguenéens zone.
9:38 of 3rd period - Juraj Mikus is hit by Kyle Lawson.
10:12 of 3rd period - Off-side.
10:13 of 3rd period - Greg Mauldin wins face-off versus Erik Haula in neutral zone.
10:28 of 3rd period - Roman Josi is hit by Greg Mauldin and loses puck.
10:39 of 3rd period - Philip Samuelsson is hit by Spencer Machacek and loses puck.
10:48 of 3rd period - Snap shot by Spencer Machacek.
10:48 of 3rd period - Stopped by Thomas Greiss with a rebound.
10:57 of 3rd period - Icing by Brian Sutherby.
10:58 of 3rd period - Brian Sutherby wins face-off versus Colin Greening in Saguenéens zone.
11:07 of 3rd period - Snap shot by Erik Haula.
11:07 of 3rd period - Shot Misses the Net.
11:09 of 3rd period - Slapshot by Tyler Kennedy.
11:09 of 3rd period - Deflect By Mike Duco.
11:09 of 3rd period - Stopped by Thomas Greiss without a rebound.
11:10 of 3rd period - Erik Haula wins face-off versus Jamie Arniel in Tamiflu zone.
11:44 of 3rd period - Oscar Klefbom is hit by Stefan Elliott and loses puck.
12:01 of 3rd period - Wrist shot by Mattias Tedenby.
12:01 of 3rd period - Deflect By Mike Duco.
12:01 of 3rd period - Shot Blocked by Luke Witkowski.
12:01 of 3rd period - Puck is out of play.
12:02 of 3rd period - Juraj Mikus wins face-off versus Jamie Arniel in Saguenéens zone.
12:38 of 3rd period - Slapshot by Kevin Marshall.
12:38 of 3rd period - Stopped by Thomas Greiss without a rebound.
12:39 of 3rd period - Brian Sutherby wins face-off versus Jamie Arniel in Tamiflu zone.
12:53 of 3rd period - Minor Penalty to Tye McGinn for Interference.
12:54 of 3rd period - Brian Sutherby wins face-off versus Petr Pohl in Tamiflu zone.
12:55 of 3rd period - Wrist shot by Tyler Kennedy.
12:55 of 3rd period - Stopped by Thomas Greiss without a rebound.
12:56 of 3rd period - Petr Pohl wins face-off versus Brian Sutherby in Tamiflu zone.
14:05 of 3rd period - Snap shot by Adam Larsson.
14:05 of 3rd period - Shot Blocked by Erik Haula.
14:53 of 3rd period - Penalty to Tye McGinn is over, Tye McGinn is back on ice.
15:01 of 3rd period - Wrist shot by Tye McGinn.
15:01 of 3rd period - Shot Hit the Post.
15:09 of 3rd period - Slapshot by Tye McGinn.
15:09 of 3rd period - Stopped by Mike Smith with a rebound.
15:11 of 3rd period - Slapshot by Jamie Arniel.
15:11 of 3rd period - Shot Misses the Net.
15:13 of 3rd period - Wrist shot by Tye McGinn.
15:13 of 3rd period - Stopped by Mike Smith with a rebound.
15:15 of 3rd period - Slapshot by Nathan Oystrick.
15:15 of 3rd period - Stopped by Mike Smith with a rebound.
15:17 of 3rd period - Slapshot by Nino Niederreiter.
15:17 of 3rd period - Shot Misses the Net.
15:19 of 3rd period - Slapshot by Nino Niederreiter.
15:19 of 3rd period - Stopped by Mike Smith without a rebound.
15:20 of 3rd period - Colin Greening wins face-off versus Juraj Mikus in Saguenéens zone.
15:21 of 3rd period - Snap shot by Mattias Tedenby.
15:21 of 3rd period - Shot Misses the Net.
15:23 of 3rd period - Wrist shot by Colin Greening.
15:23 of 3rd period - Shot Blocked by Oscar Klefbom.
15:25 of 3rd period - Snap shot by Mike Duco.
15:25 of 3rd period - Shot Hit the Post.
15:46 of 3rd period - Casey Wellman is hit by Rickard Rakell and loses puck.
16:09 of 3rd period - Oscar Klefbom is hit by Stefan Elliott and loses puck.
16:43 of 3rd period - Off-side.
16:44 of 3rd period - Jamie Arniel wins face-off versus Teemu Pulkkinen in neutral zone.
16:47 of 3rd period - Snap shot by Jordan Hendry.
16:47 of 3rd period - Shot Blocked by Roman Josi.
16:49 of 3rd period - Wrist shot by Tye McGinn.
16:49 of 3rd period - Deflect By Jamie Arniel.
16:49 of 3rd period - Shot Misses the Net.
16:49 of 3rd period - Puck is out of play.
16:50 of 3rd period - Jamie Arniel wins face-off versus Rhett Rakhshani in Saguenéens zone.
17:15 of 3rd period - Wrist shot by Mattias Tedenby.
17:15 of 3rd period - Shot Misses the Net.
17:35 of 3rd period - Snap shot by Teemu Pulkkinen.
17:35 of 3rd period - Stopped by Thomas Greiss without a rebound.
17:36 of 3rd period - Erik Haula wins face-off versus Greg Mauldin in Tamiflu zone.
17:41 of 3rd period - Snap shot by Tyler Kennedy.
17:41 of 3rd period - Stopped by Thomas Greiss with a rebound.
18:24 of 3rd period - Tye McGinn is hit by Juraj Mikus.
18:40 of 3rd period - Tyler Pitlick is hit by Petr Pohl and loses puck.
18:47 of 3rd period - Slapshot by Luke Witkowski.
18:47 of 3rd period - Deflect By Juraj Mikus.
18:47 of 3rd period - Stopped by Thomas Greiss without a rebound.
18:48 of 3rd period - Erik Haula wins face-off versus Greg Mauldin in Tamiflu zone.
19:13 of 3rd period - Spencer Machacek is hit by Nathan Oystrick and loses puck.
19:55 of 3rd period - Slapshot by Kyle Lawson.
19:55 of 3rd period - Shot Blocked by Roman Josi.
Goals for this period are 0 for Tamiflu vs 1 for Saguenéens.
Shots for this period are 11 for Tamiflu vs 12 for Saguenéens.
Back to the Top